cohdb
Replays
Latest Replays
All Replays
Popular Replays
Top Player Replays
Match Explorer
How It Works
Community
CoH3 Stats
Reddit
Sign in to upload your games and track your stats! →
Sign in with Steam
Match 41909888
Unlisted
Match 41909888
Overview
Messages
Build Orders
End
Panzergrenadier Squad
Selects Panzerjäger Kommand Battlegroup
Selects Blockade Equipment
Panzergrenadier Squad
Construct Light Support Kompanie
2.5-tonne Medical Truck
MG34 Team
Selects Tank Busters
Fire Support Elements
Forward Retreat Point
Panzergrenadier Squad
le.IG 18 Support Gun Team
Selects Defensive Positions
Construct Panzerarmee Kommand
Veteran Squad Leaders
Selects Butterfly Bomb Drop
Walking Stuka Rocket Launcher
魂牵梦萦
Surancha
Demion69
563929817
juMjuM^
MiGo$
MR.BABAYAGA
CPU - VERY EASY
0
0
Comments
sign in to comment!
No comments posted yet!